Cogmind - Beta 10.2 @@@ ROGUE MODE // 2021.03.23 @ 13:29:57 Player: gammafunk Result: Self-destructed Performance ------------- Evolutions (3) 1500 Regions Visited (10) 2000 Robots Destroyed (153) 765 Value Destroyed (4302) 4302 Prototype IDs (22) 440 Alien Tech Used (1) 200 Bonus (-1027) -1027 TOTAL SCORE: 8180 Bonus ------- High Alert Combat Kills 45 Follower Combat Kills 47 Met Data Miner 300 Friendly Fire -1419 Cogmind --------- Core Integrity 413/700 Matter 295/300 Energy 290/290 System Corruption 11% Temperature Cool (0) Movement Treading (200) Ox2 Location -6/Proximity Caves Parts ------- > --- POWER (1) -------- Improved Deuterium Engine > --- PROPULSION (3) --- Light Treads Medium Treads > --- UTILITY (5) ------ High-capacity Storage Unit High-capacity Storage Unit Long-range Sensor Array Advanced Signal Interpreter Long-range Terrain Scanner > --- WEAPON (5) ------- Lightning Gun Ion Cannon Improved Assault Rifle Gauss Rifle Flak Gun > --- INVENTORY (20) --- Improved Deuterium Engine Improved Cooling System Improved Cooling System High-capacity Matter Pod (117) Long-range Sensor Array Advanced Terrain Scanner Advanced Terrain Scan Processor Transmission Jammer Light Armor Plating Improved Light Armor Plating Improved Light Armor Plating Makeshift Hacking Suite Heart of Steel Flak Gun Shock Bomb Launcher Heavy Rocket Launcher Chainsword Peak State ------------ > --- POWER ------------ Improved Deuterium Engine > --- PROPULSION ------- Light Treads Advanced Treads Medium Treads > --- UTILITY ---------- High-capacity Storage Unit High-capacity Storage Unit Long-range Sensor Array Advanced Signal Interpreter Long-range Terrain Scanner > --- WEAPON ----------- Lightning Gun Ion Cannon Improved Assault Rifle Gauss Rifle Flak Gun > --- INVENTORY -------- Improved Deuterium Engine Improved Cooling System Improved Cooling System High-capacity Matter Pod Long-range Sensor Array Advanced Terrain Scanner Advanced Terrain Scan Processor Transmission Jammer Light Armor Plating Improved Light Armor Plating Improved Light Armor Plating Makeshift Hacking Suite Heart of Steel Flak Gun Shock Bomb Launcher Heavy Rocket Launcher Chainsword [Rating: 50] Favorites ----------- Power Improved Deuterium Engine Engine Improved Deuterium Engine Propulsion Advanced Treads Treads Advanced Treads Utility High-capacity Storage Unit Device Improved Heat Sink Storage High-capacity Storage Unit Processor Targeting Computer Hackware Hacking Suite Protection Light Armor Plating Weapon High-powered Shotgun Energy Gun Lightning Gun Energy Cannon Ion Cannon Ballistic Gun High-powered Shotgun Ballistic Cannon Light Cannon Launcher Grenade Launcher Impact Weapon Heavy Flail Slashing Weapon Chainsword Special Melee Weapon Improved Datajack Build | -11 -10 -10 -9 -9 -8 -7 -7 -7 -7 -6 ------- Run | Scr Mat Min Mat Min Mat Fac Low Low Dat Pro Slots Evolved 6 | . . . 2 . 2 2 . . . . Power . | . . . . . . . . . . . Propulsion 1 | . . . . . 1 . . . . . Utility 3 | . . . 1 . 1 1 . . . . Weapon 2 | . . . 1 . . 1 . . . . Parts Attached 168 | 7 12 4 28 9 41 48 6 7 6 . Power 15 | 1 2 . 4 1 3 4 . . . . Engine 15 | 1 2 . 4 1 3 4 . . . . Core . | . . . . . . . . . . . Reactor . | . . . . . . . . . . . Propulsion 35 | 2 2 1 10 . 9 7 1 2 1 . Treads 35 | 2 2 1 10 . 9 7 1 2 1 . Leg . | . . . . . . . . . . . Wheel . | . . . . . . . . . . . Hover . | . . . . . . . . . . . Flight . | . . . . . . . . . . . Utility 39 | 2 5 . 4 2 10 11 4 1 . . Device 12 | . . . 1 1 1 5 3 1 . . Storage 9 | 2 4 . 1 . 2 . . . . . Processor 3 | . 1 . . . 1 . 1 . . . Hackware 2 | . . . . . . 2 . . . . Protection 13 | . . . 2 1 6 4 . . . . Artifact . | . . . . . . . . . . . Weapon 79 | 2 3 3 10 6 19 26 1 4 5 . Energy Gun 7 | . . . . 1 2 2 . 1 1 . Energy Cannon 2 | . . . . . . . . 1 1 . Ballistic Gun 52 | 2 2 2 8 4 14 15 . 2 3 . Ballistic Cannon 1 | . 1 . . . . . . . . . Launcher 11 | . . 1 2 1 3 4 . . . . Special Weapon . | . . . . . . . . . . . Impact Weapon 1 | . . . . . . 1 . . . . Slashing Weapon 4 | . . . . . . 3 1 . . . Piercing Weapon . | . . . . . . . . . . . Special Melee Weapon 1 | . . . . . . 1 . . . . Unidentified Prototypes 5 | . . . . . 2 2 1 . . . Parts Lost 19 | . 2 . . . 4 9 . 3 . 1 Power 3 | . 1 . . . 1 1 . . . . Propulsion 4 | . . . . . 1 . . 2 . 1 Utility 5 | . . . . . 2 3 . . . . Weapon 7 | . 1 . . . . 5 . 1 . . Highest Loss Streak 3 | . 1 . . . 1 2 . 3 . 1 Average Slot Usage (%) 98 | . 100 100 97 100 97 99 97 91 67 100 Engine 9 | . 14 14 11 11 9 7 7 7 7 7 Treads 23 | . 28 28 21 22 26 22 22 19 19 21 Device 4 | . . . 2 . 2 7 14 13 14 14 Storage 16 | . 16 14 16 22 18 15 14 14 14 14 Processor 4 | . 11 14 5 . 2 . 6 7 7 7 Hackware 1 | . . . . . . 6 . . . . Protection 5 | . . . 6 10 11 6 . . . . Energy Gun 1 | . . . . . 1 1 . 4 1 7 Ballistic Gun 24 | . 22 14 32 23 24 27 27 17 2 21 Launcher 1 | . . 13 . 9 . . . . . . Naked Turns . | . . . . . . . . . . . Heaviest Build 99 | 14 42 43 83 86 90 99 93 99 99 99 Greatest Support 72 | 40 40 42 49 45 66 72 72 72 70 70 Greatest Overweight (x) 2 | . 1 1 1 1 1 1 1 2 2 1 Average Overweight (x) . | . . . . 1 1 1 1 1 1 1 Largest Inventory Capacity 20 | 8 12 12 20 20 20 20 20 20 20 20 Average Capacity 17 | 6 10 12 16 20 20 20 20 20 20 20 Most Carried 20 | 2 12 12 19 20 20 20 20 20 20 19 Average Carried 16 | 1 8 11 13 19 19 19 18 19 19 19 Final Capacity 20 | 8 12 12 20 20 20 20 20 20 20 20 Final Carried 20 | 2 11 12 19 20 20 20 18 20 19 19 Class Distribution -------------------- 36% | Hauler-Tank 19% | Mutant 14% | Hauler-Mutant 8% | Scavenger-Tank 5% | Hauler-Skirmisher 4% | Hauler-Gunner 3% | Hauler-Assassin 3% | Gunner 3% | Scavenger-Gunner Dominant Class ---------------- Mutant | -10/Materials Mutant | -10/Mines Hauler-Tank | -9/Materials Hauler-Mutant | -9/Mines Hauler-Tank | -8/Materials Hauler-Tank | -7/Factory Hauler-Skirmisher | -7/Lower Caves Hauler-Mutant | -7/Lower Caves Hauler-Mutant | -7/Data Miner Hauler-Skirmisher | -6/Proximity Caves Resources | -11 -10 -10 -9 -9 -8 -7 -7 -7 -7 -6 ----------- Run | Scr Mat Min Mat Min Mat Fac Low Low Dat Pro Matter Collected 5822 | 278 330 111 923 161 1604 1704 247 391 . 73 Remotely . | . . . . . . . . . . . Salvage Created 5451 | 100 410 217 914 321 1590 1636 47 216 . . Parts 317 | 3 33 25 57 17 83 92 . 7 . . Haulers Intercepted 13 | . 2 . 4 . 6 1 . . . . Recyclers Shooed 6 | 1 2 . 1 . . 2 . . . . Parts Field Recycled . | . . . . . . . . . . . Retrieved Matter . | . . . . . . . . . . . Parts Self-Destructed 2 | . . . . . . . . 2 . . Prevented 4 | . . . . . . . . 4 . . Kills | -11 -10 -10 -9 -9 -8 -7 -7 -7 -7 -6 ------- Run | Scr Mat Min Mat Min Mat Fac Low Low Dat Pro Combat Hostiles Destroyed 100 | . 9 10 14 8 24 32 . 3 . . Guns 81 | . 8 . 10 5 23 32 . 3 . . Cannons 1 | . 1 . . . . . . . . . AOE 17 | . . 10 4 3 . . . . . . Classes Destroyed 15 | 1 4 2 3 . 1 3 1 . . . Worker 9 | . . . 3 . 3 3 . . . . Builder 7 | . . 1 . . 3 3 . . . . Tunneler 1 | . . 1 . . . . . . . . Hauler 13 | . 2 . 4 . 6 1 . . . . Recycler 10 | 1 1 1 4 . 2 1 . . . . Operator 3 | . . . 1 . 1 1 . . . . Watcher 9 | . 3 . 1 . 4 1 . . . . Swarmer 26 | . 6 6 6 4 . 2 . 2 . . Grunt 48 | . 3 4 4 3 17 17 . . . . Brawler 1 | . . . . . . 1 . . . . Duelist 1 | . . . . . . 1 . . . . Researcher 1 | . . . . . . . 1 . . . Sentry 15 | . . . 4 1 6 3 . 1 . . Hunter 1 | . . . . . 1 . . . . . Programmer 8 | . . . . . . 8 . . . . Best Kill Streak 10 | 1 3 7 10 4 7 7 . 3 . . Combat Bots Only 7 | . 3 5 6 4 7 4 . 3 . . Max Kills in Single Turn 4 | 1 2 3 4 3 1 1 1 1 . . Gunslinging 1 | . . . 1 . . . . . . . Exploded 3 | . . 2 2 3 . . . . . . Melee . | . . . . . . . . . . . Uniques/NPCs Destroyed . | . . . . . . . . . . . Combat | -11 -10 -10 -9 -9 -8 -7 -7 -7 -7 -6 -------- Run | Scr Mat Min Mat Min Mat Fac Low Low Dat Pro Damage Taken 5888 | . 431 179 725 144 1549 2481 . 325 . 54 Core 564 | . 49 7 66 10 145 274 . 13 . . Absorbed by Shields . | . . . . . . . . . . . Core Remaining (%) 82 | 100 . 77 . 81 73 . . . . . Volleys Fired 348 | 3 42 16 55 12 105 94 2 19 . . Largest 4 | 2 2 1 3 3 3 4 4 4 . . Hottest 166 | 40 55 30 73 75 125 136 104 166 . . Shots Fired 943 | 6 84 16 141 23 281 347 9 36 . . Gun 895 | 6 73 . 139 22 273 339 9 34 . . Cannon 13 | . 11 . . . . . . 2 . . Launcher 35 | . . 16 2 1 8 8 . . . . Special . | . . . . . . . . . . . Kinetic 843 | 6 84 . 139 19 249 318 9 19 . . Thermal 2 | . . . . . . . . 2 . . Explosive 24 | . . 16 2 1 2 3 . . . . Electromagnetic 74 | . . . . 3 30 26 . 15 . . Robot Hit Streak 16 | 2 16 7 11 5 10 15 3 13 . . Robot Miss Streak 8 | 2 3 1 7 4 8 8 8 3 . . Penetration Max . | . . . . . . . . . . . Secondary Targets 11 | . 2 . 3 1 3 2 . . . . Max Gunslinging Chain 1 | . 1 . 1 1 1 1 . . . . Shots Hit Robots 624 | 3 58 8 88 14 189 234 7 23 . . Core Hits 308 | 2 25 21 43 13 86 104 1 13 . . Critical Hits 5 | . . . . . . 5 . . . . Critical Kills 3 | . . . . . . 3 . . . . Critical Parts Destroyed 2 | . . . . . . 2 . . . . Melee Attacks 12 | . . . . . . 7 5 . . . Impact 2 | . . . . . . 2 . . . . Slashing 10 | . . . . . . 5 5 . . . Piercing . | . . . . . . . . . . . Sneak Attacks 6 | . . . . . . 2 4 . . . Combat Hostiles . | . . . . . . . . . . . Follow-up Attacks . | . . . . . . . . . . . Damage Inflicted 12190 | 42 703 957 1584 324 3282 4345 517 436 . . Guns 8960 | 41 495 . 1063 168 3006 3759 15 413 . . Cannons 175 | . 152 . . . . . . 23 . . Explosions 1992 | . . 938 488 133 201 232 . . . . Melee 723 | . . . . . . 222 501 . . . Ramming 340 | 1 56 19 33 23 75 132 1 . . . Kinetic 8401 | 41 647 . 1063 110 2779 3567 15 179 . . Thermal 54 | . . 31 . . . . . 23 . . Explosive 1595 | . . 907 488 133 67 . . . . . Electromagnetic 1077 | . . . . 58 361 424 . 234 . . Impact . | . . . . . . . . . . . Slashing 723 | . . . . . . 222 501 . . . Piercing . | . . . . . . . . . . . Highest Corruption 11 | . . . . . . 11 11 11 11 11 Average Corruption 7 | . . . . . . 6 11 11 11 11 Corruption Purged . | . . . . . . . . . . . Effects 192 | . . . . . . 101 31 51 8 1 Message Errors 28 | . . . . . . 20 3 3 1 1 Matter Fused 32 | . . . . . . 16 7 9 . . Heat Flow Errors 20 | . . . . . . 12 3 4 1 . Energy Discharges 19 | . . . . . . 12 1 4 2 . Data Loss (minor) 20 | . . . . . . 8 5 7 . . Data Loss (major) 13 | . . . . . . 5 2 4 2 . Misfires 10 | . . . . . . 6 1 3 . . Alerts 1 | . . . . . . . . . 1 . Misdirections 18 | . . . . . . 5 6 6 1 . Targeting Errors 29 | . . . . . . 17 3 9 . . Weapon Failures 2 | . . . . . . . . 2 . . Overload Shots . | . . . . . . . . . . . Overflow Damage 309 | . . 42 8 . . 9 250 . . . Projectiles . | . . . . . . . . . . . Explosions 53 | . . 42 8 . . 3 . . . . Melee 256 | . . . . . . 6 250 . . . Knockbacks 3 | . 2 . . . 1 . . . . . Impact 1 | . . . . . 1 . . . . . Kinetic 2 | . 2 . . . . . . . . . Secondary . | . . . . . . . . . . . Self-Inflicted Damage 96 | . . 53 . . . 43 . . . . Shots 3 | . . 2 . . . 1 . . . . Rammed 37 | 1 10 2 3 2 9 9 1 . . . Targets Rammed 40 | 1 10 2 4 2 9 11 1 . . . Kicked . | . . . . . . . . . . . Crushed 3 | . . . 1 . . 2 . . . . Highest Temperature 426 | . 29 10 63 42 426 258 263 234 214 . Average Temperature 57 | . 10 6 16 16 69 52 101 75 189 . Received Heat Transfer 1851 | . 105 33 192 . 846 615 . 48 . 12 Effects 8 | . . . . . 4 4 . . . . Energy Bleed 1 | . . . . . . 1 . . . . Interference 3 | . . . . . . 3 . . . . Damage (major) 4 | . . . . . 4 . . . . . Siege Activations . | . . . . . . . . . . . Robots Corrupted 1 | . . . . . 1 . . . . . Combat Hostiles 1 | . . . . . 1 . . . . . Parts Fried 5 | . . . . . 1 3 . 1 . . Impact Corruptions 2 | . . . . . . 2 . . . . Robots Melted . | . . . . . . . . . . . Combat Hostiles . | . . . . . . . . . . . Parts Melted 2 | . . . . 2 . . . . . . Heat Transferred 87 | . . 50 . . . . . 37 . . Parts Sabotaged . | . . . . . . . . . . . Parts Stolen 1 | . . . . . . . 1 . . . Parts Stripped . | . . . . . . . . . . . Power Chain Reactions . | . . . . . . . . . . . Missiles Intercepted . | . . . . . . . . . . . Alert | -11 -10 -10 -9 -9 -8 -7 -7 -7 -7 -6 ------- Run | Scr Mat Min Mat Min Mat Fac Low Low Dat Pro Peak Influence 458 | 5 207 285 273 185 458 347 . . . . Initial 168 | . 3 . . 25 3 168 . . . . Average 154 | 3 72 62 104 69 319 158 . . . . Maximum Alert Level 2 | . 1 1 1 . 2 1 . . . . Low Security (%) 62 | 100 99 85 83 100 8 55 . . . . Level 1 34 | . . 14 16 . 80 44 . . . . Level 2 2 | . . . . . 11 . . . . . Level 3 . | . . . . . . . . . . . Level 4 . | . . . . . . . . . . . Level 5 . | . . . . . . . . . . . High Security . | . . . . . . . . . . . Max Security . | . . . . . . . . . . . Squads Dispatched 24 | . 1 1 2 . 4 16 . . . . Investigation 5 | . 1 1 . . 1 2 . . . . Extermination 7 | . . . . . . 7 . . . . Reinforcement 6 | . . . 2 . 3 1 . . . . Assault . | . . . . . . . . . . . Garrison 6 | . . . . . . 6 . . . . Intercept . | . . . . . . . . . . . Construction Impeded 1 | . . . . . 1 . . . . . Haulers Reinforced . | . . . . . . . . . . . Stealth | -11 -10 -10 -9 -9 -8 -7 -7 -7 -7 -6 --------- Run | Scr Mat Min Mat Min Mat Fac Low Low Dat Pro Distress Signals 6 | . . . 3 . 3 . . . . . Communications Jammed 1 | . . . . . . 1 . . . . Distress Signals . | . . . . . . . . . . . Times Spotted 169 | . 17 10 35 7 44 51 1 3 . 1 Peak Tracking Total 11 | . 3 3 11 3 9 5 1 3 . 1 Tactical Retreats 15 | . 2 . 1 . 6 6 . . . . Traps | -11 -10 -10 -9 -9 -8 -7 -7 -7 -7 -6 ------- Run | Scr Mat Min Mat Min Mat Fac Low Low Dat Pro Traps Triggered 8 | . 1 . . 1 . 6 . . . . Indirectly . | . . . . . . . . . . . Trap Hack Attempts . | . . . . . . . . . . . Triggered . | . . . . . . . . . . . Disarmed . | . . . . . . . . . . . Reprogrammed . | . . . . . . . . . . . Reused . | . . . . . . . . . . . Traps Extracted . | . . . . . . . . . . . Installed . | . . . . . . . . . . . Triggered . | . . . . . . . . . . . Machines | -11 -10 -10 -9 -9 -8 -7 -7 -7 -7 -6 ---------- Run | Scr Mat Min Mat Min Mat Fac Low Low Dat Pro Machines Disabled 9 | . . 1 . . 6 2 . . . . Max in Single Turn 2 | . . 1 . . 2 1 . . . . Garrison Access 1 | . . . . . 1 . . . . . Machines Sabotaged . | . . . . . . . . . . . Garrisons Compromised . | . . . . . . . . . . . Overloaded Fab Kills . | . . . . . . . . . . . Fab Network Shutdowns . | . . . . . . . . . . . Hacking | -11 -10 -10 -9 -9 -8 -7 -7 -7 -7 -6 --------- Run | Scr Mat Min Mat Min Mat Fac Low Low Dat Pro Machines Accessed 62 | . 10 1 12 2 10 22 . 1 4 . Terminals 36 | . 8 . 9 1 7 11 . . . . Fabricators 6 | . . . . . . 6 . . . . Repair Stations 8 | . 1 . 2 . 1 4 . . . . Recycling Units 2 | . 1 . . . 1 . . . . . Scanalyzers 1 | . . . 1 . . . . . . . Garrison Access 2 | . . . . . 1 1 . . . . Total Hacks 183 | . 26 1 37 3 26 65 . 1 24 . Successful 117 | . 14 1 25 3 15 34 . 1 24 . Failed 64 | . 12 . 11 . 10 31 . . . . Catastrophic 5 | . 1 . . . 2 2 . . . . Database Lockouts 2 | . . . 1 . 1 . . . . . Manual 79 | . 14 . 19 2 16 28 . . . . Terminals 105 | . 23 . 28 2 18 34 . . . . Fabricators 13 | . . . . . . 13 . . . . Repair Stations 27 | . 2 . 6 . 4 15 . . . . Recycling Units 3 | . 1 . . . 2 . . . . . Scanalyzers 3 | . . . 3 . . . . . . . Garrison Access 5 | . . . . . 2 3 . . . . Terminal Hacks 70 | . 9 1 13 3 5 14 . 1 24 . Record 13 | . . . . . . 2 . . 11 . Part Schematic 9 | . 1 . . 1 1 2 . . 4 . Robot Schematic 6 | . . . . . . . . . 6 . Robot Analysis 2 | . 2 . . . . . . . . . Prototype ID Bank 13 | . 3 . 5 1 . 1 . . 3 . Open Door 3 | . . 1 . 1 . . . 1 . . Branch Access Points 3 | . . . 1 . 1 1 . . . . Terminal Index 4 | . 1 . 1 . 1 1 . . . . Fabricator Index 1 | . . . . . . 1 . . . . Repair Station Index 1 | . . . 1 . . . . . . . Alert Level 3 | . . . 1 . 1 1 . . . . Unreport Threat 3 | . . . . . . 3 . . . . Locate Traps 5 | . . . 3 . . 2 . . . . Recall Reinforcements 1 | . . . . . 1 . . . . . Hauler Manifests 3 | . 2 . 1 . . . . . . . Fabricator Hacks 6 | . . . . . . 6 . . . . Load Schematic 5 | . . . . . . 5 . . . . Build 1 | . . . . . . 1 . . . . Repair Station Hacks 22 | . 2 . 6 . 4 10 . . . . Scan Component 11 | . 1 . 3 . 2 5 . . . . Repair 11 | . 1 . 3 . 2 5 . . . . Recycling Unit Hacks 2 | . . . . . 2 . . . . . Report Inventory 1 | . . . . . 1 . . . . . Retrieve Matter 1 | . . . . . 1 . . . . . Scanalyzer 2 | . . . 2 . . . . . . . Insert Component 1 | . . . 1 . . . . . . . Analyze 1 | . . . 1 . . . . . . . Garrison Access Hacks 1 | . . . . . 1 . . . . . Seal Access 1 | . . . . . 1 . . . . . Unauthorized Hacks 14 | . 3 . 4 . 3 4 . . . . Terminals 14 | . 3 . 4 . 3 4 . . . . Assimilate 2 | . . . 1 . . 1 . . . . Botnet 12 | . 3 . 3 . 3 3 . . . . Fabricators . | . . . . . . . . . . . Repair Stations . | . . . . . . . . . . . Recycling Units . | . . . . . . . . . . . Scanalyzers . | . . . . . . . . . . . Garrison Access . | . . . . . . . . . . . Data Cores Recovered 2 | . . . 1 . 1 . . . . . Used 1 | . . . 1 . . . . . . . Hacking Detections 51 | . 10 . 11 1 8 21 . . . . Full Trace Events 2 | . . . . . 1 1 . . . . Feedback Events . | . . . . . . . . . . . Feedback Blocked . | . . . . . . . . . . . Robot Schematics Acquired 6 | . . . . . . . . . 6 . Robots Built . | . . . . . . . . . . . Matter . | . . . . . . . . . . . Time . | . . . . . . . . . . . Total Robot Build Rating . | . . . . . . . . . . . Part Schematics Acquired 10 | . 1 . 1 1 1 2 . . 4 . Parts Built . | . . . . . . . . . . . Matter 146 | . . . . . . 146 . . . . Time 73 | . . . . . . 73 . . . . Total Part Build Rating . | . . . . . . . . . . . Parts Repaired 11 | . 1 . 3 . 2 5 . . . . Time 315 | . 26 . 111 . 64 114 . . . . Parts Recycled . | . . . . . . . . . . . Recycled Matter . | . . . . . . . . . . . Retrieved Matter . | . . . . . . . . . . . Retrieved Components . | . . . . . . . . . . . Parts Scanalyzed 1 | . . . 1 . . . . . . . Part Schematics Acquired 1 | . . . 1 . . . . . . . Parts Damaged 1 | . . . 1 . . . . . . . Bothacking | -11 -10 -10 -9 -9 -8 -7 -7 -7 -7 -6 ------------ Run | Scr Mat Min Mat Min Mat Fac Low Low Dat Pro Used RIF Installer . | . . . . . . . . . . . Robots Hacked . | . . . . . . . . . . . Non-combat . | . . . . . . . . . . . Combat . | . . . . . . . . . . . Robot Hacks Applied . | . . . . . . . . . . . Relay Couplers Released . | . . . . . . . . . . . Robots Rewired . | . . . . . . . . . . . Allies Hacked . | . . . . . . . . . . . Hacks Repelled . | . . . . . . . . . . . Allies | -11 -10 -10 -9 -9 -8 -7 -7 -7 -7 -6 -------- Run | Scr Mat Min Mat Min Mat Fac Low Low Dat Pro Total Allies 6 | . . 3 1 . . 1 . . . 1 Largest Group 3 | . . 3 3 . . 1 . . . . Highest-Rated Group 40 | . . 40 40 . . 10 . . . . Highest-Rated Ally 16 | . . 16 16 . . 10 . . . . Total Orders . | . . . . . . . . . . . Ally Attacks 17 | . . . 17 . . . . . . . Total Damage 204 | . . . 204 . . . . . . . Kills 3 | . . . 3 . . . . . . . Allies Corrupted . | . . . . . . . . . . . Allies Melted . | . . . . . . . . . . . Intel | -11 -10 -10 -9 -9 -8 -7 -7 -7 -7 -6 ------- Run | Scr Mat Min Mat Min Mat Fac Low Low Dat Pro Robot Analysis Total 2 | . 2 . . . . . . . . . Derelict Logs Recovered 5 | . . 2 . 2 . . . 1 . . Drone Launches . | . . . . . . . . . . . Drone Recoveries . | . . . . . . . . . . . Exploration | -11 -10 -10 -9 -9 -8 -7 -7 -7 -7 -6 ------------- Run | Scr Mat Min Mat Min Mat Fac Low Low Dat Pro Turns Passed 14318 | 110 1379 1224 2253 967 2508 4041 698 907 190 41 Spaces Moved 7217 | 60 696 672 1107 519 1160 2004 392 481 103 23 Core 7 | 7 . . . . . . . . . . Treads 7210 | 53 696 672 1107 519 1160 2004 392 481 103 23 Legs . | . . . . . . . . . . . Wheels . | . . . . . . . . . . . Hover . | . . . . . . . . . . . Flight . | . . . . . . . . . . . Fastest Speed 50 | 50 160 152 160 172 165 165 170 170 172 175 Average Speed 171 | 147 168 175 173 172 170 171 170 176 174 175 Slowest Speed 192 | 160 180 180 180 172 180 175 175 192 192 175 Overloaded Moves . | . . . . . . . . . . . Propulsion Burnouts . | . . . . . . . . . . . Robots Hopped . | . . . . . . . . . . . Cave-ins Triggered . | . . . . . . . . . . . Exploration Rate (%) 61 | 4 93 98 87 93 76 48 54 56 68 3 Regions Visited 10 Branch Regions 6 Pre-discovered Areas 3 | . . 2 . . . . . . 1 . Known Exits Taken 5 | . . . 1 . . 1 1 1 1 . Unknown Exits Taken 5 | 1 1 1 . 1 1 . . . . . Scrap Searched 5 | . . 1 . 1 . . . 2 . 1 Spaces Dug 39 | . . . . . 17 21 1 . . . Terrain Destroyed 181 | . . 69 21 13 17 59 1 1 . . Melee 5 | . . . . . . 4 1 . . . Projectile 2 | . . . . . . 1 . 1 . . AOE 174 | . . 69 21 13 17 54 . . . . Terrain Rammed . | . . . . . . . . . . . Walls Destroyed . | . . . . . . . . . . . Machines Disabled . | . . . . . . . . . . . Actions | -11 -10 -10 -9 -9 -8 -7 -7 -7 -7 -6 --------- Run | Scr Mat Min Mat Min Mat Fac Low Low Dat Pro Total 8440 | 72 822 701 1333 571 1474 2406 410 515 113 23 Wait 482 | . 45 . 111 23 110 193 . . . . Move 7207 | 59 695 671 1106 518 1159 2003 391 480 102 23 Hop . | . . . . . . . . . . . Pick Up 74 | 2 10 3 10 3 19 21 1 5 . . Fast Attach 35 | 7 1 . 4 . 5 11 1 1 5 . Attach 29 | . 2 . 2 1 5 11 3 4 1 . Detach 7 | . 1 . 1 . . 2 2 1 . . Swap 105 | . 9 4 22 8 31 26 3 2 . . Drop 97 | . 7 5 18 4 31 23 1 3 5 . Fire 348 | 3 42 16 55 12 105 94 2 19 . . Melee 12 | . . . . . . 7 5 . . . Ram . | . . . . . . . . . . . Kick . | . . . . . . . . . . . Crush 40 | 1 10 2 4 2 9 11 1 . . . Escape Stasis 4 | . . . . . . 4 . . . . Rewire . | . . . . . . . . . . . Trap . | . . . . . . . . . . . Miscellaneous . | . . . . . . . . . . . Route ------- -11/Scrapyard -10/Materials (discovered 4 exits: *Mat x2 / *Min x2) -10/Mines (discovered 2 exits: *Mat x2) -9/Materials (discovered 4 exits: *Mat x2 / *Min x2) -9/Mines (discovered 2 exits: *Mat x2) -8/Materials (discovered 2 exits: *Fac x2) -7/Factory (discovered 5 exits: *Fac x2 / Sto / *Low x2) -7/Lower Caves -7/Lower Caves (discovered 2 exits: *Fac / *Dat) -7/Data Miner -6/Proximity Caves History --------- Turn | Location | Event 8 | -11/Scrapyard | Discovered new exit (range 15) 111 | -11/Scrapyard | Entered Materials 302 | -10/Materials | Build established: Mutant 473 | -10/Materials | Discovered new exit (range 15) 727 | -10/Materials | Discovered new exit (range 15) 1151 | -10/Materials | Discovered new exit (range 8) 1242 | -10/Materials | Repaired Lgt. Treads 1290 | -10/Materials | Discovered new exit (range 7) 1490 | -10/Materials | Entered Mines 1548 | -10/Mines | Learned Materials terminal intel 1568 | -10/Mines | Learned location of Storage (-7) 1783 | -10/Mines | Discovered new exit (range 10) 1876 | -10/Mines | Discovered new exit (range 8) 2120 | -10/Mines | Met a Derelict shopkeep closing up shop 2467 | -10/Mines | Assisted by bots powering up and referring to "LRC-V3" 2714 | -10/Mines | Entered Materials 2714 | -9/Materials | Accompanied by 3 allies 2714 | -9/Materials | Evolved 2 slots: Utility x1, Weapon x1 2715 | -9/Materials | Loaded intel: 12 terminal locations 3034 | -9/Materials | Discovered new exit (range 13) 3132 | -9/Materials | Discovered new exit (range 12) 3582 | -9/Materials | Build established: Scavenger-Gunner 3614 | -9/Materials | Discovered new exit (range 16) 3817 | -9/Materials | Identified exit to Mines 3817 | -9/Materials | Central database locked down 4029 | -9/Materials | Build established: Hauler-Tank 4152 | -9/Materials | Discovered new exit (range 14) 4554 | -9/Materials | Repaired Broken Adv. Treads 4672 | -9/Materials | Repaired Lgt. Armor Plating 4706 | -9/Materials | Repaired Imp. Treads 4967 | -9/Materials | Entered Mines 5119 | -9/Mines | Met a Derelict who couldn't figure out how to use a Trap Extractor 5261 | -9/Mines | Build established: Hauler-Mutant 5294 | -9/Mines | YI-UF0 nonchalantly dropped a Grenade Launcher on the ground 5341 | -9/Mines | Discovered new exit (range 14) 5515 | -9/Mines | Learned Materials garrison access intel 5697 | -9/Mines | Joined a pair of Derelicts in attacking an 0b10 outpost 5870 | -9/Mines | Discovered new exit (range 8) 5934 | -9/Mines | Entered Materials 5934 | -8/Materials | Evolved 2 slots: Propulsion x1, Utility x1 5935 | -8/Materials | Loaded intel: 1 garrison access location 6195 | -8/Materials | Destroyed 7 combat bots 6306 | -8/Materials | Build established: Hauler-Tank 6965 | -8/Materials | Build established: Scavenger-Tank 7208 | -8/Materials | Repaired Adv. Treads 7235 | -8/Materials | Repaired Lgt. Armor Plating 7508 | -8/Materials | Build established: Hauler-Tank 7710 | -8/Materials | Discovered new exit (range 8) 8020 | -8/Materials | Discovered new exit (range 15) 8224 | -8/Materials | Build established: Hauler-Gunner 8283 | -8/Materials | Central database locked down 8442 | -8/Materials | Entered Factory 8442 | -7/Factory | Evolved 2 slots: Utility x1, Weapon x1 8496 | -7/Factory | Repaired Adv. Treads 8659 | -7/Factory | Repaired Adv. Treads 8756 | -7/Factory | Build established: Hauler-Tank 8880 | -7/Factory | Repaired Adv. Treads 8904 | -7/Factory | Repaired Gauss Rifle 8921 | -7/Factory | Repaired Med. Armor Plating 9924 | -7/Factory | Identified exit to Storage 9924 | -7/Factory | Identified exit to Lower Caves 10437 | -7/Factory | Garrison activated, responded to threat 10500 | -7/Factory | Discovered new exit (range 12) 10908 | -7/Factory | Build established: Scavenger-Tank 11301 | -7/Factory | System corruption reached 10% 11864 | -7/Factory | Discovered new exit (range 8) 12057 | -7/Factory | Garrison activated, responded to threat 12483 | -7/Factory | Entered Lower Caves 12486 | -7/Lower Caves | Build established: Hauler-Tank 12487 | -7/Lower Caves | Lgt. Treads stolen by Master Thief 12831 | -7/Lower Caves | Build established: Hauler-Skirmisher 12994 | -7/Lower Caves | Found Alien Artifact 12994 | -7/Lower Caves | Identified Core Expander 12994 | -7/Lower Caves | Installed Core Expander, added new Weapon slot 13154 | -7/Lower Caves | Discovered new exit (range 15) 13178 | -7/Lower Caves | Identified exit to Lower Caves 13181 | -7/Lower Caves | Entered another Lower Caves area 13248 | -7/Lower Caves | Discovered new exit (range 8) 13264 | -7/Lower Caves | Build established: Hauler-Assassin 13267 | -7/Lower Caves | Identified exit to Factory 13501 | -7/Lower Caves | Attracted the attention of an 0b10 checkpoint 13549 | -7/Lower Caves | Lost 3 parts (2n1w) 13937 | -7/Lower Caves | Found Prototype Device 14037 | -7/Lower Caves | Discovered new exit (range 14) 14053 | -7/Lower Caves | Build established: Hauler-Mutant 14063 | -7/Lower Caves | Identified exit to Data Miner 14077 | -7/Lower Caves | Learned location of 1 exit from Factory 14088 | -7/Lower Caves | Entered Data Miner 14088 | -7/Data Miner | Discovered new exit (range 8) 14143 | -7/Data Miner | Met Data Miner 14174 | -7/Data Miner | Learned location of Section 7 (-2) 14174 | -7/Data Miner | Acquired the access code to Warlord's prototype stash 14204 | -7/Data Miner | Received God Mode back door access code from Data Miner 14276 | -7/Data Miner | Identified exit to Proximity Caves 14278 | -7/Data Miner | Entered Proximity Caves 14317 | -6/Proximity Caves | Spotted B-75 Beast 14319 | -6/Proximity Caves | Escorted by Enhanced Grunt 14319 | -6/Proximity Caves | Self-destructed Last Messages --------------- Acquired Flak Gun. Acquired Lightning Gun. Acquired Gauss Rifle. Acquired Ion Cannon. Acquired Imp. Assault Rifle. System corrupted: Heat flow error (+241). EXIT=IDENTIFIED: PROXIMITY CAVES LOCATION=PROXIMITY CAVES GOAL=ESCAPE Searching scrap... Found Med. Storage Unit. Found Mak. Spear. Found Imp. Field Recycling Unit. Found Imp. Targeting Computer. Found 20 Matter. Acquired 20 matter. U%LOD >#%GC#N=COCZO/T,O8XVQSTDZVWO 5V Acquired 53 matter. Adv. Treads destroyed. Enhanced Grunt: "Protecting LRC-V3." Map ----- +----------------------------------------------------+ | ?????????????????????????????????????????????????? | | ?????????????????????????????????????????????????? | | ?????????????????????????????????????????????????? | | ???????????? ????????????????????????????????????? | | ???????????? #???????????????????????????????????? | | ?????????????????????????????????????????????????? | | ??????????????? ?????????????????????????????????? | | ???????????????????????????? ????????????????????? | | ?????????????????????#???????g???????????????????? | | ???????????????? ???????????ggl??????????????????? | | ???????????????????#?????????????????????????????? | | ???????????s?????????????????????????????????????? | | ????????? ??????????????##??????????????????????? | | ???????????????#?????????????????????????????????? | | ??????????????????#???????????#??????????????????? | | ?????????????????? ??????????????#???????????????? | | ?????????????????# #?????????????????????????????? | | ?????????????????# #????????????#????????????????? | | ??##?????????????# #?????????????????????????????? | | ???? ????????????# #?????????? ??????????????????? | | ??#?# ???????????# #??????????????? ?????????????? | | ????# ????####??# #?????????? ??????????????????? | | ????# ##### #### ######????????????????????????? | | ????# /!! ## #???????### ????????? | | ????# ! #### #### ?? ?????? | | ????######## #??# g@! ????????? | | ???????????# #?######; ????????? | | ??????????###### #??????????? BB????????? | | ?????????#?????## #????????????? ?# B?????????? | | ????????????????## #????????????????????????????? | | ???????????????######???#????????????????????????? | | ??????????????????????????????#??????????????????? | | ?????????????????#???#???????????????????????????? | | ?????????????????#??????#????#???????????????????? | | ?????????????????????????????????????????????????? | | ?????????????????????????????????????????????????? | | ?????#????????#??#??????????????#????????????????? | | ????????????????#????????????????????????????????? | | ?????????????????????????????????????????????????? | | ?????????????????????????????????????????????????? | | ??#??????????????????????????????????????????????? | | ?????????????????????????????????????????????????? | | ?????????????????????????????????????????????????? | | ?????????????????????????????????????????????????? | | ?????????????????#???#???????????????????????????? | | ??????????#??????????????????????????????????????? | | | | | | | | | +----------------------------------------------------+ Best States ------------- Heat Dissipation 61 Energy Generation 18 Energy Capacity 310 Matter Stores 300 Matter Capacity 300 Sight Range 16 Robot Scan Range 20 Terrain Scan Range 24 Terrain Scan Density 10 Jamming Range 8 Additional Mass Support 6 Armor Coverage 375 Evasion (%) 40 Targeting Accuracy 8 Recoil Reduction 3 Offensive Hacking 10 Defensive Hacking 10 Item Schematics ----------------- Hcp. Storage Unit | -10/Materials | Hacked Adv. Treads | -9/Materials | Scanalyzed Imp. Sensor Array | -9/Mines | Hacked Adv. Terrain Scanner | -8/Materials | Hacked Lrn. Terrain Scanner | -7/Factory | Hacked Arm. Treads | -7/Factory | Hacked Combat Drone Bay | -7/Data Miner | Free Lgt. Regenerative Plating | -7/Data Miner | Free Triangulator | -7/Data Miner | Free Kinetic Spear | -7/Data Miner | Free Robot Schematics ------------------ S-27 Virus | -7/Data Miner | Free G-50 Soldier | -7/Data Miner | Free L-41 Fighter | -7/Data Miner | Free P-70 Sage | -7/Data Miner | Free I-36 Angel | -7/Data Miner | Free I-47 Archangel | -7/Data Miner | Free Fabricated ------------ Nothing Alien Tech Used ----------------- Core Expander Achievements -------------- None Challenges ------------ None Game ------ Seed SurveybotThunderConverter Manual? 0 Play Time 01:28:36 Cumulative 63.8 hours Start 2021.03.22 @ 16:59:12 End 2021.03.23 @ 13:29:57 Sessions 7 Manual Loads 0 Difficulty Rogue Special Mode None Game No. 39 Rogue 39 Adventurer 0 Explorer 0 Win Type - Total 0 Types 0/0/0/0/0/0/0/0/0 Lore% 46 Gallery% 36 Achievement% 39 Wizard Run 0 Options --------- ASCII 0 Keyboard 1 Movement Vi Keybinds 0 Fullscreen 2 Font 12/Smallcaps Map View 60x54 Tactical HUD 0 Map Filters NONE Filters NONE Steam 1 RUN: cbf96264-a3bf-476a-b184-023f985645b4